 Dungeon Crawl Stone Soup version 0.14.1 (webtiles) character file.

166 Heini the Covered (level 4, 0/41 HPs)
             Began as a Hill Orc Fighter on Apr 30, 2014.
             Succumbed to an adder's poison
             ... on Level 2 of the Dungeon.
             The game lasted 00:03:34 (1294 turns).

Heini the Covered (Hill Orc Fighter)                Turns: 1294, Time: 00:03:34

HP   0/41        AC 11     Str 19      XL: 4   Next: 48%
MP   4/4         EV  4     Int  8      God:
Gold 81          SH 20     Dex 10      Spells:  0 memorised,  3 levels left

rFire  . . .     SeeInvis .     j - +1,+3 hand axe
rCold  . . .     Clarity  .     p - +0 chain mail
rNeg   . . .     Conserve .     c - +0 shield
rPois  .         rCorr    .     (no helmet)
rElec  .         rRot     .     (no cloak)
SustAb . .       Spirit   .     (no gloves)
rMut   .         Warding  .     (no boots)
Saprov + . .     Stasis   .     (no amulet)
MR     +....                    (no ring)
                                (no ring)

@: lethally poisoned, somewhat resistant to hostile enchantments, extremely
unstealthy
A: large bone plates 1, magic resistance 1, saprovore 1
a: no special abilities


You were on level 2 of the Dungeon.
You were not hungry.

You visited 1 branch of the dungeon, and saw 2 of its levels.

You collected 81 gold pieces.

Inventory:

Hand weapons
 j - a +1,+3 hand axe (weapon)
Armour
 b - a +0 scale mail
 c - a +0 shield (worn)
 p - a +0 chain mail (worn)
Magical devices
 n - a wand of confusion (0)
Comestibles
 a - a beef jerky
 d - 3 meat rations
 m - 2 bread rations
Scrolls
 f - a scroll of enchant weapon II {unknown}
 l - a scroll of fog {unknown}
 r - a scroll of teleportation {unknown}
 s - 2 scrolls of enchant weapon I {unknown}
 t - a scroll of identify {unknown}
Jewellery
 k - an uncursed ring of wizardry {unknown}
 o - an uncursed amulet of rage {unknown}
Potions
 e - a potion of might
 g - a potion of mutation
 h - 2 potions of curing {unknown}
 i - a potion of invisibility {unknown}
 q - a potion of agility {unknown}


   Skills:
 * Level 4.4 Fighting
 * Level 3.8 Axes
 * Level 4.5 Armour
 - Level 3.2 Shields


You had 3 spell levels left.
You didn't know any spells.

Dungeon Overview and Level Annotations

Branches:
Dungeon (2/15)

Altars:


Innate Abilities, Weirdness & Mutations

You can tolerate rotten meat.
You are partially covered in large bone plates (AC +2, SH +2).
You are resistant to hostile enchantments.


Message History

Your shield and chain mail prevent you from hitting the adder.
The adder bites you.
* * * LOW HITPOINT WARNING * * *
You are more poisoned.
The adder poisons you! The adder bites you.
* * * LOW HITPOINT WARNING * * *
You are more poisoned.
The adder poisons you! The gnoll hits you but does no damage.
The gnoll hits you with a club.
* * * LOW HITPOINT WARNING * * *
You closely miss the adder.
* * * LOW HITPOINT WARNING * * *
You feel sick. The adder bites you but does no damage.
The kobold hits you but does no damage. The gnoll barely misses you.
The gnoll barely misses you.
You barely miss the gnoll.
The gnoll is heavily wounded.
You hit the kobold but do no damage. You hit the gnoll.
The gnoll is severely wounded.
You die...

... ...... #.....# .. ........
.... #.....##.....
###............. .........
...... .###...Kg##.#..#
........g@S.....#.# .
.$................# #..
#.###.....##.#..###
#..##.###.....##.#..###
..#..#....................
#...................#..### #
#..#.................(.....
.....
#..#[##........#.##.#.#####...#
. #..#.##.%...........# #
#...##.


You could see 2 gnolls, an adder and a kobold.

Vanquished Creatures
  Ijyb (D:2)
  Terence (D:2)
  2 gnolls (D:2)
  2 ball pythons
  6 giant cockroaches
  6 goblins
  5 hobgoblins
  A quokka (D:2)
  4 bats
  2 kobolds
  7 rats
37 creatures vanquished.

Notes
Turn   | Place    | Note
--------------------------------------------------------------
     0 | D:1      | Heini, the Hill Orc Fighter, began the quest for the Orb.
     0 | D:1      | Reached XP level 1. HP: 19/19 MP: 1/1
   102 | D:1      | Reached XP level 2. HP: 22/27 MP: 2/2
   515 | D:1      | Reached skill level 4 in Fighting
   751 | D:2      | Noticed Terence
   794 | D:2      | Killed Terence
   794 | D:2      | Reached XP level 3. HP: 12/33 MP: 3/3
  1176 | D:2      | Noticed Ijyb
  1192 | D:2      | Killed Ijyb
  1192 | D:2      | Reached XP level 4. HP: 36/41 MP: 4/4
  1291 | D:2      | Gained mutation: You are resistant to hostile enchantments. [potion of mutation]
  1291 | D:2      | Gained mutation: You are partially covered in large bone plates (AC +2, SH +2). [potion of mutation]
  1292 | D:2      | HP: 2/41 [adder (3)]
  1294 | D:2      | Succumbed to an adder's poison

Action                   |  1- 3 |  4- 6 || total
-------------------------+-------+-------++-------
Melee: War axe           |    23 |       ||    23
       Hand axe          |   103 |    17 ||   120
  Use: Scroll            |     1 |       ||     1
       Potion            |       |     1 ||     1
